 Dungeon Crawl Stone Soup version 0.28.0-53-g5a82cb258f (webtiles) character file.

Game seed: 5431695088662796019

246 Infinimo the Magician (level 5, -2/28 HPs)
             Began as a Deep Elf Hedge Wizard on May 26, 2022.
             Was an Initiate of Sif Muna.
             Blown up by Pikel (22 damage)
             ... with a mindburst bolt
             ... on level 4 of the Dungeon.
             The game lasted 00:07:10 (6822 turns).

Infinimo the Magician (Deep Elf Hedge Wizard)       Turns: 6822, Time: 00:07:11

Health: -2/28      AC:  2    Str:  7    XL:     5   Next: 84%
Magic:  9/15       EV: 13    Int: 21    God:    Sif Muna [......]
Gold:   80         SH:  0    Dex: 14    Spells: 12/15 levels left

rFire   . . .      SeeInvis .   a - +0 dagger
rCold   . . .      Faith    .   (no shield)
rNeg    . . .      Spirit   .   b - +0 robe
rPois   .          Reflect  .   c - +0 hat
rElec   .          Harm     .   (no cloak)
rCorr   .          Rampage  .   (no gloves)
Will    .....                   (no boots)
Stlth   ++........              (no amulet)
HPRegen 0.09/turn               (no ring)
MPRegen 0.14/turn               (no ring)

@: no status effects
A: no striking features
a: Renounce Religion


You were on level 4 of the Dungeon.
You worshipped Sif Muna.
Sif Muna was noncommittal.
You visited 2 branches of the dungeon, and saw 5 of its levels.

You collected 140 gold pieces.
You spent 60 gold pieces at shops.

Inventory:

Hand Weapons
 a - a +0 dagger (weapon)
Armour
 b - a +0 robe (worn)
 c - a +0 hat (worn)
Wands
 o - a wand of iceblast (8)
Scrolls
 d - a scroll of vulnerability {unknown}
 e - a scroll of immolation {unknown}
 g - 4 scrolls of blinking {unknown}
 h - a scroll of identify {unknown}
 i - a scroll of teleportation {unknown}
 l - a scroll of fog {unknown}
 p - 2 scrolls of enchant armour {unknown}
 t - a scroll of torment {unknown}
Potions
 f - a potion of flight {unknown}
 j - 2 potions of magic {unknown}
 k - 2 potions of cancellation {unknown}
 m - a potion of curing {unknown}
 n - a potion of heal wounds
 q - a potion of attraction {unknown}
 r - a potion of mutation {unknown}
 s - a potion of degeneration {unknown}


   Skills:
 + Level 4.2 Dodging
 - Level 2.4 Stealth
 + Level 5.8 Spellcasting
 + Level 4.6 Conjurations
 + Level 1.1 Summonings
 - Level 1.1 Translocations


You had 12 spell levels left.
You knew the following spells:

 Your Spells              Type           Power      Damage    Failure   Level
a - Magic Dart            Conj           100%       1d8       1%          1
b - Call Imp              Summ           10%        N/A       10%         2

Your spell library contained the following spells:

 Spells                   Type           Power      Damage    Failure   Level
 Apportation              Tloc           20%        N/A       6%          1
 Summon Small Mammal      Summ           40%        N/A       6%          1
 Animate Skeleton         Necr           12%        N/A       10%         1
 Pain                     Necr           24%        1d5       10%         1
 Slow                     Hex            24%        N/A       10%         1
 Blink                    Tloc           20%        N/A       10%         2
 Conjure Flame            Conj/Fire      15%        6-21      12%         3
 Mephitic Cloud           Conj/Pois/Air  12%        N/A       16%         3
 Gell's Gravitas          Tloc           10%        N/A       19%         3
 Lesser Beckoning         Tloc           10%        N/A       19%         3
 Teleport Other           Tloc           10%        N/A       19%         3
 Olgreb's Toxic Radiance  Pois           6%         N/A       69%         4
 Agony                    Necr           6%         N/A       95%         5
 Excruciating Wounds      Necr           3%         N/A       95%         5
 Ozocubu's Refrigeration  Ice            3%         4d5       100%        7
 Ignition                 Fire           3%         3d4       100%        8


Dungeon Overview and Level Annotations

Branches:
Dungeon (4/15)             Temple (1/1) D:4

Altars:
Ashenzari
Cheibriados
Dithmenos
Elyvilon
Makhleb
Nemelex Xobeh
Okawaru
Qazlal
Ru
Sif Muna
Xom
Yredelemnul
The Shining One

Shops:
D:2 *

Annotations:
D:4 Pikel


Message History

Confirm with . or Enter, or press ? or * to list all spells.
Aiming: Magic Dart (safe; 1% risk of failure)
Press: ? - help, Shift-Dir - straight line, f/p - lemure
Aim: a lemure (heavily wounded, ally target, 100% to hit)
The magic dart hits the lemure.
The lemure is severely wounded.
The lemure closely misses you.
Casting: Magic Dart (safe; 1% risk of failure)
Confirm with . or Enter, or press ? or * to list all spells.
Aiming: Magic Dart (safe; 1% risk of failure)
Press: ? - help, Shift-Dir - straight line, f/p - lemure
Aim: a lemure (severely wounded, ally target, 100% to hit)
The magic dart hits the lemure.
The lemure is almost dead.
The lemure hits you.
Casting: Magic Dart (safe; 1% risk of failure)
Confirm with . or Enter, or press ? or * to list all spells.
Aiming: Magic Dart (safe; 1% risk of failure)
Press: ? - help, Shift-Dir - straight line, f/p - lemure
Aim: a lemure (almost dead, ally target, 100% to hit)
The magic dart hits the lemure.
The lemure is almost dead.
The lemure hits you!
Casting: Magic Dart (safe; 1% risk of failure)
Confirm with . or Enter, or press ? or * to list all spells.
Aiming: Magic Dart (safe; 1% risk of failure)
Press: ? - help, Shift-Dir - straight line, f/p - lemure
Aim: a lemure (almost dead, ally target, 100% to hit)
The magic dart hits the lemure.
You kill the lemure!
That felt strangely unrewarding.
You start resting.
Your crimson imp disappears in a puff of smoke!
Pikel is nearby!
Casting: Magic Dart (safe; 1% risk of failure)
Confirm with . or Enter, or press ? or * to list all spells.
A beastly little devil appears in a puff of flame.
Pikel zaps a wand.
Your mind is blasted!
Ouch! That really hurt!
You die...

############# ######
5K.......)..# #....#
5##########.## #....# .# #.)#
#....# ... ##.# #....# $.?.
##.#### #....# 5.... #.....#
#....#######
......#####5#.#.###...........
......K......@)........#......
......#####.#.#.###.......###.
##### #.#...###...#.#.###.
#.#...#..........##.
#.##..#....#...#...#
#.###....#.......#..
###......#.....>..)..#
#....##....#.......#..
#.##.........#...#....


You could see Pikel (ally target) and a friendly crimson imp (summoned).

Vanquished Creatures
  A phantom (D:3)
  A lemure (D:4)
  An orc wizard (D:2)
  A hound skeleton (D:4)
  4 adders
  2 worms
  2 dart slugs (D:1)
  7 orcs
  5 bats
  6 endoplasms
  3 giant cockroaches
  6 goblins
  2 hobgoblins
  6 jackals
  3 kobolds
  4 quokkas
  8 ball pythons
  A frilled lizard (D:2)
  A rat (D:3)
64 creatures vanquished.

Vanquished Creatures (collateral kills)
  A lemure (D:4)
  An adder (D:4)
  2 orcs
4 creatures vanquished.

Grand Total: 68 creatures vanquished

Notes
Turn   | Place    | Note
-------+----------+-------------------------------------------
     0 | D:1      | Infinimo the Deep Elf Hedge Wizard began the quest for the
                  | Orb.
     0 | D:1      | Reached XP level 1. HP: 10/10 MP: 7/7
   443 | D:1      | Reached XP level 2. HP: 15/15 MP: 6/9
  1391 | D:1      | Reached XP level 3. HP: 12/19 MP: 3/11
  1798 | D:2      | Found Eluix's General Store.
  1807 | D:2      | Bought a potion of heal wounds for 60 gold pieces
  1922 | D:2      | Reached skill level 5 in Spellcasting
  2110 | D:2      | Reached XP level 4. HP: 18/24 MP: 5/13
  2308 | D:1      | Learned a level 2 spell: Call Imp
  4486 | D:3      | Reached XP level 5. HP: 7/28 MP: 12/14
  4804 | D:4      | HP: 1/28 [poisoned by an adder]
  5113 | D:4      | Found a staircase to the Ecumenical Temple.
  5125 | Temple   | Entered the Ecumenical Temple
  5380 | Temple   | Became a worshipper of Sif Muna the Loreminder
  5463 | D:4      | Found a sparkling altar of Nemelex Xobeh.
  5464 | D:4      | Found a broken altar of Ashenzari.
  5487 | D:4      | Noticed a phantom
  5625 | D:3      | Killed a phantom
  6172 | D:4      | Noticed a lemure
  6174 | D:4      | Noticed Pikel
  6175 | D:4      | Noticed a lemure
  6498 | D:4      | Noticed a lemure
  6513 | D:4      | Killed a lemure
  6542 | D:4      | Noticed a lemure
  6777 | D:4      | Killed a lemure
  6822 | D:4      | Blown up by Pikel

Illustrated notes

Levels and vault maps discovered:
D:1:      sevenhm_arrival_forest_fort_small_5, layout_loops_ring,
          serial_bayou_lake_a
D:2:      layout_rooms, serial_shops, nicolae_diamond_shop
D:3:      layout_basic, patterned_corridor
D:4:      layout_basic, mainiacjoe_overflow_divided_tiny,
          minmay_temple_entry_sparse_star, uniq_pikel
Temple:   minmay_temple_curvy_loop

Skill      XL: |  1  2  3  4  5 |
---------------+----------------+-----
Conjurations   | 2 3 4 |  4.6
Dodging        | 3 4 |  4.2
Spellcasting   | 5 |  5.8
Stealth        | |  2.4
Summonings     | |  1.1
Translocations | |  1.1

Action                   |  1- 3 |  4- 6 || total
-------------------------+-------+-------++-------
Melee: Dagger            |     1 |       ||     1
 Cast: Magic Dart        |   118 |   111 ||   229
       Call Imp          |       |    20 ||    20
Armor: Robe              |     5 |     5 ||    10
Dodge: Dodged            |    18 |    45 ||    63
